 Dungeon Crawl Stone Soup version 0.29-a0-495-g17b79114eb (webtiles) character file.

Game seed: 18243684549728102909

79142 hquester the Blocker (level 15, -4/149 HPs)
             Began as a Troll Fighter on May 26, 2022.
             Was the Champion of Qazlal.
             Killed from afar by a raiju (13 damage)
             ... with a living lightning
             ... on level 3 of the Abyss on May 27, 2022.
             The game lasted 01:51:58 (19661 turns).

hquester the Blocker (Troll Fighter)               Turns: 19661, Time: 01:51:59

Health: -4/149     AC: 17    Str: 31    XL:     15   Next: 20%
Magic:  6/6        EV: 16    Int:  4    God:    Qazlal [******]
Gold:   1640       SH: 28    Dex: 15    Spells: 14/14 levels left

rFire   . . .      SeeInvis +   X - +11 war axe "Plog" {antimagic, rPois rCorr SInv}
rCold   . . .      Faith    .   b - +3 kite shield
rNeg    . . .      Spirit   .   E - +0 swamp dragon scales
rPois   +          Reflect  +   (helmet restricted)
rElec   +          Harm     .   y - +2 cloak
rCorr   +          Rampage  .   (gloves unavailable)
Will    +....                   (boots unavailable)
Stlth   +.........              H - amulet of reflection
HPRegen 0.00/turn               Q - ring "Geosh" {EV+4 Str+3 SInv}
MPRegen 0.10/turn               N - +4 ring of protection

@: protected from electricity, sick, studying Long Blades, repel missiles
A: large, unfitting armour, claws 3, regeneration 1, shaggy fur 1, tough skin 1
a: Renounce Religion, Upheaval, Elemental Force, Disaster Area


You were on level 3 of the Abyss.
You worshipped Qazlal.
Qazlal was exalted by your worship.
You visited 4 branches of the dungeon, and saw 19 of its levels.
You visited the Abyss 1 time.
You also visited: Bailey and Ice Cave.

You collected 1640 gold pieces.

Inventory:

Hand Weapons
 u - a +5 falchion of electrocution
 D - the +6 rapier of the Secret Runes {vorpal, rCorr}
   (You found it on level 6 of the Dungeon)

   It inflicts extra damage upon your enemies.
   rCorr:     It protects you from acid and corrosion.
 I - a +7 spectral giant club
 X - the +11 war axe "Plog" (weapon) {antimagic, rPois rCorr SInv}
   (You found it on level 3 of the Lair of Beasts)

   It reduces the magical energy of the wielder, and disrupts the spells and
   magical abilities of those it strikes.
   Natural abilities and divine invocations are not affected.
   rPois:     It protects you from poison.
   SInv:      It lets you see invisible.
   rCorr:     It protects you from acid and corrosion.
 Y - the +8 flail "Reti" {vorpal, rPois rC+ Str+3 Stlth+}
   (You found it on level 4 of the Lair of Beasts)

   It inflicts extra damage upon your enemies.
   Str:       It affects your strength (+3).
   rC:        It protects you from cold.
   rPois:     It protects you from poison.
   Stlth:     It makes you more stealthy.
Missiles
 O - 7 large rocks (quivered)
Armour
 b - a +3 kite shield (worn)
 y - a +2 cloak (worn)
 E - +0 swamp dragon scales (worn)
Jewellery
 g - an amulet of the acrobat
 i - the ring "Vysudaf" {Will+ Int+4}
   (You acquired it on level 8 of the Dungeon)

   [ring of willpower]

   Int:       It affects your intelligence (+4).
   Will:      It increases your willpower.
 H - an amulet of reflection (around neck)
 N - a +4 ring of protection (right claw)
 Q - the ring "Geosh" (left claw) {EV+4 Str+3 SInv}
   (You found it on level 11 of the Dungeon)

   [ring of evasion]

   EV:        It affects your evasion (+4).
   Str:       It affects your strength (+3).
   SInv:      It lets you see invisible.
Wands
 a - a wand of paralysis (11)
 r - a wand of charming (4)
 B - a wand of flame (33)
 J - a wand of mindburst (8)
 T - a wand of acid (17)
 U - a wand of iceblast (28)
Scrolls
 h - 5 scrolls of magic mapping
 j - 8 scrolls of teleportation
 t - 2 scrolls of poison
 w - 6 scrolls of fog
 z - 5 scrolls of amnesia
 C - 2 scrolls of silence
 K - 2 scrolls of fear
 L - a scroll of identify
 M - 5 scrolls of blinking
 Z - 4 scrolls of vulnerability
Potions
 c - 4 potions of might
 d - 3 potions of brilliance
 e - 3 potions of flight
 f - 2 potions of haste
 k - 7 potions of resistance
 l - a potion of cancellation
 n - 4 potions of attraction
 p - 10 potions of curing
 q - 2 potions of lignification
 s - 3 potions of magic
 x - 4 potions of heal wounds
 F - a potion of mutation
 R - 4 potions of ambrosia


   Skills:
 + Level 10.2 Fighting
 + Level 9.7 Long Blades
 * Level 4.2(5.8) Axes
 * Level 6.7(7.4) Maces & Flails
 * Level 8.0 Throwing
 + Level 5.1 Armour
 + Level 8.1 Dodging
 + Level 13.4 Shields
 + Level 9.6 Unarmed Combat
 + Level 8.1 Invocations


You had 14 spell levels left.
You didn't know any spells.
Your spell library contained the following spells:

 Spells                   Type           Power      Damage    Failure   Level
 Blink                    Tloc           0%         N/A       89%         2
 Static Discharge         Conj/Air       0%         N/A       89%         2
 Confusing Touch          Hex            0%         N/A       98%         3
 Dazzling Flash           Conj/Hex       0%         N/A       98%         3
 Agony                    Necr           0%         N/A       100%        5
 Fireball                 Conj/Fire      0%         3d3       100%        5
 Freezing Cloud           Conj/Ice/Air   0%         6-21      100%        5
 Iskenderun's Battlesphe  Conj           0%         2d6       100%        5
 Lightning Bolt           Conj/Air       0%         1d11      100%        5
 Manifold Assault         Tloc           0%         N/A       100%        5
 Metabolic Englaciation   Hex/Ice        0%         N/A       100%        5
 Silence                  Hex/Air        0%         N/A       100%        5
 Summon Forest            Summ/Tloc      0%         N/A       100%        5
 Yara's Violent Unravell  Hex/Tmut       0%         3d3       100%        5
 Conjure Ball Lightning   Conj/Air       0%         3x3d6     100%        6
 Eringya's Noxious Bog    Tmut/Pois      0%         N/A       100%        6
 Enfeeble                 Hex            0%         N/A       100%        7
 Orb of Destruction       Conj           0%         9d5       100%        7
 Ozocubu's Refrigeration  Ice            0%         4d5       100%        7
 Storm Form               Tmut/Air       0%         N/A       100%        7
 Summon Hydra             Summ           0%         N/A       100%        7
 Maxwell's Capacitive Co  Air            0%         ∞         100%        8


Dungeon Overview and Level Annotations

Branches:
Dungeon (11/15)            Temple (1/1) D:5            Lair (6/6) D:11
  Swamp (1/4) Lair:4       Spider (0/4) Lair:4        Slime (0/5) Lair:5
    Orc (0/2) D:9          Bailey (visited)           IceCv (visited)

Altars:
Ashenzari
Cheibriados
Dithmenos
Elyvilon
Fedhas
Gozag
Hepliaklqana
Kikubaaqudgha
Makhleb
Nemelex Xobeh
Okawaru
Qazlal
Ru
Sif Muna
Trog
Uskayaw
Vehumet
Wu Jian
Xom
Yredelemnul
Zin
The Shining One
Jiyva

Shops:
D:9 ?(

Annotations:
Swamp:1 3 runed translucent doors, Louise


Innate Abilities, Weirdness & Mutations

You are too large for most types of armour.
You have claws for hands.
Your natural rate of healing is unusually fast.
You are covered in fur. (AC +1)
You have tough skin. (AC +1)


Message History

The raiju blinks!
You block the raiju's attack. The bone dragon misses you.
The bone dragon claws you.
* * * LOW HITPOINT WARNING * * *
You block the bone dragon's attack.
The raiju bursts into living lightning!
The living lightning is repelled.
The raiju blinks!
You closely miss the raiju.
The raiju is moderately wounded.
The raiju's magic is no longer disrupted.
The raiju bursts into living lightning!
The living lightning is repelled.
The raiju blinks!
The raiju misses you.
You slash the raiju!
The raiju's magic leaks into the air.
The raiju is severely wounded.
You hit the raiju.
You kill the raiju!
That felt strangely unrewarding.
You block the raiju's attack.
You slice the raiju!!
You kill the raiju!
That felt strangely unrewarding.
You are suddenly pulled into a different region of the Abyss!
You start resting.
Your protection from electricity is fading.
You start resting. 3 raiju come into view.
A raiju comes into view.
The raiju barks! x3; You hear a bark!
You feel less protected from electricity.
The raiju bursts into living lightning!
The living lightning is repelled.
The raiju blinks!
The raiju bursts into living lightning!
The living lightning hits you!
* * * LOW HITPOINT WARNING * * *
The raiju blinks! x2
The raiju is engulfed in freezing vapours.
You block the raiju's attack.
The raiju is engulfed in freezing vapours.
The raiju bursts into living lightning!
The living lightning hits you!
You feel protected from electricity.
You die...

.≈≈ ≈≈ #. .≈ ≈ ##.
##≈# ≈≈#. .###
..≈#≈≈. .. ..≈#≈ ..#
#.§.## #.###
##.☼≈.#..#..##
##..@#○○#..#..#
#...h§≈#≈......##
.....#§.☼h..≈..h....
.##.#....###.≈≈.§#.
# #..°.. ≈.≈≈≈#.§h
##.#.#≈≈#.≈≈≈.#
..##..## ..≈..# #.#
#.# ≈≈..# ## ....
.≈..#


You could see 2 raiju.

Vanquished Creatures
  A frost giant (IceCv)
  An eleionoma (Swamp:1)
  Snorg (D:10)
  The ghost of Pooter the Severer, a journeyman MiBe of Trog (Lair:3)
  A bunyip (Swamp:1)
  A fire dragon (Lair:6)
  Erolcha (D:10)
  A catoblepas (Lair:6)
  6 hydras
  A centaur warrior (D:11)
  2 two-headed ogres
  A dancing weapon (Abyss:3)
  3 thrashing horrors (Abyss:3)
  15 death yaks
  3 spriggans (Swamp:1)
  A goliath frog (Swamp:1)
  2 bog bodies
  A spriggan druid (Swamp:1)
  A glowing orange brain (Abyss:3)
  A swamp dragon (Lair:6)
  A lindwurm (Lair:3)
  2 deep elf pyromancers
  An orc knight (Bailey)
  4 wolf spiders
  A worldbinder (Abyss:3)
  An ugly thing (D:11)
  2 cyclopes (D:11)
  5 will-o-the-wisps (Swamp:1)
  4 elephants
  An ice statue (IceCv)
  A guardian serpent (Lair:6)
  2 smoke demons (Abyss:3)
  14 black mambas
  A torpor snail (Lair:3)
  15 cane toads
  12 rime drakes
  Maggie (D:6)
  9 komodo dragons
  An ancient zyme (Abyss:3)
  A queen bee (Lair:3)
  2 trolls (D:10)
  6 tyrant leeches
  A meliai (Lair:3)
  8 polar bears
  6 hornets
  Grinder (D:5)
  28 blink frogs
  8 dream sheep (Lair:6)
  2 raiju (Abyss:3)
  2 shadows
  11 wyverns
  2 basilisks (Lair:6)
  54 yaks
  2 redbacks (Lair:6)
  4 steam dragons
  2 vampire mosquitoes (Swamp:1)
  4 swamp worms
  Edmund (D:5)
  5 acid dragons
  Duvessa (D:5)
  27 water moccasins
  6 orc warriors
  3 swamp drakes
  A black bear (D:8)
  An ice beast (D:7)
  A sky beast (D:6)
  An ogre (D:6)
  4 centaurs
  14 wolves
  A phantom (D:9)
  2 kobold brigands
  16 bullfrogs
  A necrophage (D:5)
  A troll zombie (D:9)
  Dowan (D:5)
  10 wights
  11 killer bees
  3 electric eels (Lair:1)
  6 howler monkeys
  2 lava snakes (Lair:1)
  5 hounds
  11 orc priests
  Crazy Yiuf (D:7)
  2 jellies (D:6)
  2 gnoll shamans
  11 iguanas
  13 orc wizards
  7 ogre zombies (D:9)
  Robin (D:3)
  7 adders
  11 gnolls
  A shadow imp (D:6)
  4 white imps
  3 ufetubi
  4 worms
  2 dart slugs
  41 orcs
  5 bats
  10 endoplasms
  A giant cockroach (D:1)
  16 goblins
  9 hobgoblins
  2 jackals (D:5)
  22 kobolds
  7 quokkas
  5 ball pythons
  3 frilled lizards
  A goblin skeleton (D:9)
  6 goblin zombies (D:9)
  3 hobgoblin skeletons (D:9)
  3 hobgoblin zombies (D:9)
  2 orc skeletons (D:9)
  9 orc zombies (D:9)
  8 rats
624 creatures vanquished.

Vanquished Creatures (others)
  A bush (Lair:6)
  34 foxfires (Swamp:1)
  30 fungi
  101 plants
166 creatures vanquished.

Grand Total: 790 creatures vanquished

Notes
Turn   | Place    | Note
-------+----------+-------------------------------------------
     0 | D:1      | hquester the Troll Fighter began the quest for the Orb.
     0 | D:1      | Reached XP level 1. HP: 22/22 MP: 0/0
    68 | D:1      | Reached XP level 2. HP: 29/29 MP: 1/1
   305 | D:1      | Reached skill level 3 in Shields
   475 | D:1      | Reached XP level 3. HP: 36/36 MP: 2/2
  1208 | D:2      | Reached XP level 4. HP: 42/45 MP: 3/3
  1752 | D:3      | Noticed Robin
  1776 | D:3      | Killed Robin
  1803 | D:3      | Reached XP level 5. HP: 53/53 MP: 4/4
  2090 | D:3      | Found a glowing golden altar of the Shining One.
  2418 | D:2      | Identified a scroll of acquirement
  2418 | D:2      | Acquired a manual of Shields
  3053 | D:4      | Found a large runed translucent door.
  3053 | D:4      | Found a large runed translucent door.
  3081 | D:4      | Reached skill level 4 in Shields
  3092 | D:4      | Reached XP level 6. HP: 28/62 MP: 5/5
  3746 | D:4      | Found a sparkling altar of Nemelex Xobeh.
  3755 | D:4      | Found a burning altar of Makhleb.
  3802 | D:5      | Entered Level 5 of the Dungeon
  3802 | D:5      | Found a staircase to the Ecumenical Temple.
  3810 | Temple   | Entered the Ecumenical Temple
  3925 | Temple   | Became a worshipper of Qazlal Stormbringer
  3942 | D:5      | Noticed Edmund
  3958 | D:5      | Killed Edmund
  3959 | D:5      | Reached skill level 5 in Shields
  4060 | D:5      | Reached XP level 7. HP: 67/71 MP: 6/6
  4113 | D:5      | Reached skill level 1 in Invocations
  4247 | D:5      | Noticed Grinder
  4277 | D:5      | Killed Grinder
  4278 | D:5      | Reached skill level 6 in Shields
  4337 | D:5      | Found a glowing silver altar of Zin.
  4531 | D:5      | Noticed Duvessa
  4535 | D:5      | Noticed Dowan
  4554 | D:5      | Killed Duvessa
  4562 | D:5      | Killed Dowan
  4563 | D:5      | Reached XP level 8. HP: 33/79 MP: 8/8
  4630 | D:5      | Found an iron altar of Okawaru.
  4630 | D:5      | Found a bloodstained altar of Trog.
  4636 | D:5      | Reached skill level 5 in Fighting
  4985 | D:6      | Identified the +6 rapier of the Secret Runes {vorpal,
                  | rCorr}
  4987 | D:6      | Noticed Maggie
  5016 | D:6      | Killed Maggie
  5017 | D:6      | Reached skill level 7 in Shields
  5222 | D:6      | Found a white marble altar of Elyvilon.
  5383 | D:6      | HP: 4/83 [orc warrior/+2 halberd of flaming (2)]
  5389 | D:6      | Reached skill level 8 in Shields
  5523 | D:6      | Reached skill level 5 in Unarmed Combat
  6301 | D:7      | Reached XP level 9. HP: 72/89 MP: 10/10
  6404 | D:7      | Found an opulent altar of Gozag.
  6429 | D:7      | Found a runed translucent door.
  6430 | D:7      | Noticed Crazy Yiuf
  6495 | D:7      | Reached * piety under Qazlal
  6496 | D:7      | Reached skill level 1 in Long Blades
  6540 | D:7      | Found a blossoming altar of Fedhas.
  7175 | D:7      | Killed Crazy Yiuf
  7270 | D:8      | Reached skill level 9 in Shields
  7340 | D:8      | Acquired the ring "Vysudaf" {Will+ Int+4}
  7688 | D:9      | Found Odogru's Weapon Shop.
  7706 | D:9      | Found a flagged portal.
  7727 | Bailey   | Entered a bailey
  7752 | Bailey   | Reached ** piety under Qazlal
  7757 | Bailey   | Reached skill level 5 in Dodging
  7799 | Bailey   | Found a large runed translucent door.
  7799 | Bailey   | Found a large runed translucent door.
  7799 | Bailey   | Noticed an orc knight
  7800 | Bailey   | Noticed a deep elf pyromancer
  7819 | Bailey   | Killed an orc knight
  7866 | Bailey   | Reached XP level 10. HP: 99/100 MP: 12/12
  7868 | Bailey   | Reached skill level 10 in Shields
  7901 | Bailey   | Killed a deep elf pyromancer
  7926 | Bailey   | Identified the +1 pair of boots "Midwec" {Slay+2}
  8421 | D:9      | Found a broken altar of Ashenzari.
  8584 | D:9      | Noticed a two-headed ogre
  8596 | D:9      | Killed a two-headed ogre
  8638 | D:9      | Reached *** piety under Qazlal
  8639 | D:9      | Reached skill level 11 in Shields
  8730 | D:9      | Found a shimmering blue altar of Sif Muna.
  8942 | D:9      | Found Tefej's Magic Scroll Boutique.
  9017 | D:9      | Reached **** piety under Qazlal
  9028 | D:9      | Found a staircase to the Orcish Mines.
  9190 | D:10     | Entered Level 10 of the Dungeon
  9247 | D:10     | Noticed Erolcha
  9258 | D:10     | Reached skill level 5 in Long Blades
  9258 | D:10     | Reached skill level 5 in Invocations
  9258 | D:10     | Reached XP level 11. HP: 99/111 MP: 13/13
  9268 | D:10     | Killed Erolcha
  9352 | D:10     | Found a sacrificial altar of Ru.
  9687 | D:10     | Noticed Snorg
  9708 | D:10     | Killed Snorg
  9839 | D:10     | Reached skill level 12 in Shields
 10101 | D:10     | Found an ornate altar of the Wu Jian Council.
 10245 | D:11     | Found a staircase to the Lair.
 10249 | D:11     | Noticed a centaur warrior
 10274 | D:11     | Killed a centaur warrior
 10420 | D:11     | Noticed a wolf spider
 10422 | D:11     | Noticed a brown ugly thing
 10427 | D:11     | Killed a wolf spider
 10432 | D:11     | Killed a brown ugly thing
 10469 | D:11     | Noticed a two-headed ogre
 10478 | D:11     | Killed a two-headed ogre
 10633 | D:11     | Noticed a deep elf pyromancer
 10640 | D:11     | Killed a deep elf pyromancer
 10641 | D:11     | Reached skill level 1 in Throwing
 10641 | D:11     | Reached skill level 1 in Armour
 10649 | D:11     | Identified the ring "Geosh" {EV+4 Str+3 SInv}
 10863 | D:11     | Noticed an eight-headed hydra
 10866 | D:11     | Noticed a boulder beetle
 10933 | Lair:1   | Entered Level 1 of the Lair of Beasts
 10934 | Lair:1   | Upgraded the game from 0.29-a0-490-g77b3608bb8 to
                  | 0.29-a0-495-g17b79114eb
 11053 | Lair:1   | Reached XP level 12. HP: 113/122 MP: 15/15
 11095 | Lair:1   | Noticed a six-headed hydra
 11101 | Lair:1   | Killed a six-headed hydra
 11102 | Lair:1   | Reached skill level 1 in Maces & Flails
 11437 | Lair:1   | Reached ***** piety under Qazlal
 13269 | Lair:3   | Reached XP level 13. HP: 131/131 MP: 17/17
 13272 | Lair:3   | Noticed Pooter's ghost (journeyman MiBe)
 13343 | Lair:3   | Found a transporter.
 13347 | Lair:3   | Found a transporter.
 13364 | Lair:3   | Reached skill level 5 in Throwing
 13411 | Lair:3   | Killed Pooter's ghost
 13461 | Lair:3   | Identified the +11 war axe "Plog" {antimagic, rPois rCorr
                  | SInv}
 13941 | Lair:4   | Identified the +8 flail "Reti" {vorpal, rPois rC+ Str+3
                  | Stlth+}
 14124 | Lair:3   | Reached ****** piety under Qazlal
 14251 | Lair:4   | Found a hole to the Spider Nest.
 14351 | Lair:4   | Found a staircase to the Swamp.
 14437 | Lair:4   | Reached skill level 13 in Shields
 15061 | Lair:5   | Found a frozen archway.
 15113 | IceCv    | Entered an ice cave
 15134 | IceCv    | Reached skill level 1 in Axes
 15134 | IceCv    | Reached XP level 14. HP: 106/141 MP: 6/18
 15136 | IceCv    | Reached skill level 5 in Maces & Flails
 15290 | IceCv    | Noticed a frost giant
 15315 | IceCv    | Killed a frost giant
 15607 | IceCv    | Reached skill level 10 in Fighting
 15657 | IceCv    | Got the Reference Book on Ice
 16018 | Lair:5   | Found a viscous altar of Jiyva.
 16018 | Lair:5   | Found a staircase to the Slime Pits.
 16531 | Lair:6   | Entered Level 6 of the Lair of Beasts
 18090 | Lair:6   | Reached skill level 5 in Armour
 18719 | Swamp:1  | Entered Level 1 of the Swamp
 18881 | Swamp:1  | Reached XP level 15. HP: 46/149 MP: 6/20
 19507 | Swamp:1  | Noticed Louise
 19508 | Swamp:1  | Found a runed translucent gate.
 19508 | Swamp:1  | Found a runed translucent gate.
 19508 | Swamp:1  | Found a runed translucent gate.
 19509 | Swamp:1  | Cast into level 3 of the Abyss (Louise)
 19620 | Abyss:3  | Noticed a bone dragon
 19661 | Abyss:3  | Killed from afar by a raiju

Illustrated notes

Levels and vault maps discovered:
D:1:      tarquinn_simple_flora_water_f, layout_loops_ring,
          roderic_serpentine_path
D:2:      layout_basic
D:3:      minmay_spotlight, layout_loops_ring, marbit_many_paths, uniq_robin
D:4:      layout_layer_cave, jmf_multi_god_temple2
D:5:      layout_rooms, zin_treasury, grunt_temple_overflow_bloody_war,
          minmay_temple_entry_stoned_glass, uniq_duvessa, uniq_grinder,
          uniq_edmund
D:6:      layout_layer_cave, elyvilon_altar_3, minmay_misc_feat_chi,
          minmay_manual_maat, uniq_maggie
D:7:      layout_gridville, mainiacjoe_overflow_cross_hatched,
          mainiacjoe_overflow_tiny_flanked, uniq_crazy_yiuf_cottage
D:8:      layout_rooms
D:9:      layout_basic, mainiacjoe_overflow_chevrons, kennysheep_mini,
          zombieorc2_lemuel, serial_shops, nicolae_shop_trees, shop,
          enter_bailey_3, chequers_serial_rivers_micro_d
D:10:     layout_grid_maze, mainiacjoe_overflow_surrounded_room,
          mainiacjoe_overflow_alcove_2, uniq_snorg, uniq_erolcha
D:11:     minmay_tri_box, layout_layer_cave
Temple:   nicolae_temple_figure_zero
Lair:1:   layout_cave_pods, nicolae_lair_liquid_snakes, lemuel_fruit_tree
Lair:2:   layout_hall_layers, serial_bayou, serial_bayou_lagoon_a,
          serial_bayou_pond_e, serial_bayou_shore_a, serial_bayou_crossing,
          worms_lemuel, infiniplex_staircase_pool_2
Lair:3:   layout_chaotic_city, gammafunk_ghost_hive
Lair:4:   layout_long_grid, skrybe_swamp_entry_bodies, spider_nest_entry_rubble
Lair:5:   layout_regular_city, slime_altar_1,
          portal_ice_cave_entry_animals_and_master
Lair:6:   hangedman_lair_tendril_chambers, layout_layer_cave,
          guppyfry_lair_end_dragon
Swamp:1:  layout_falls_marsh, gammafunk_ghost_hydra_chop,
          evilmike_swamp_ruin_house_6, swamp_pool4,
          nicolae_swamp_wisp_ring_woods, uniq_louise
Abyss:3:  base: D:8, evilmike_abyss_rune_tso_outpost,
          doesnt_abyss_rune_brain_food

Skill      XL: |  1  2  3  4  5  6  7  8  9 10 11 12 13 14 15 |
---------------+----------------------------------------------+-----
Shields        | 3 4 5 6 8 9 11 12 13 | 13.4
Fighting       | 3 4 5 6 8 9 10 | 10.2
Dodging        | 3 4 5 6 7 8 |  8.1
Unarmed Combat | 3 4 5 6 7 8 9 |  9.6
Invocations    | 1 3 4 5 6 7 8 |  8.1
Long Blades    | 3 5 6 7 8 9 |  9.7
Throwing       | 2 4 6 7 8 |  8.0
Armour         | 1 3 4 5 |  5.1
Maces & Flails | 3 4 6 |  6.7
Axes           | 1 3 4 |  4.2

Action                   |  1- 3 |  4- 6 |  7- 9 | 10-12 | 13-15 || total
-------------------------+-------+-------+-------+-------+-------++-------
Melee: Unarmed           |   120 |   188 |   336 |   730 |   166 ||  1540
       Rapier            |       |       |       |     5 |       ||     5
       Morningstar       |       |       |       |     2 |       ||     2
       Flail             |       |       |       |       |   111 ||   111
       War axe           |       |       |       |       |   529 ||   529
Throw: Large rock        |       |       |       |     3 |     7 ||    10
Invok: Elemental Force   |       |       |       |       |     1 ||     1
  Use: Scroll            |       |    10 |     7 |     6 |    14 ||    37
       Potion            |       |       |     3 |       |     6 ||     9
 Stab: Sleeping          |     1 |     1 |       |       |       ||     2
       Distracted        |       |       |       |       |     1 ||     1
Armor: Robe              |    36 |    33 |    13 |       |       ||    82
       Swamp dragon scal |       |       |    57 |   101 |   250 ||   408
Dodge: Dodged            |    68 |    62 |    77 |   188 |   381 ||   776
       Repelled          |       |       |       |     3 |    12 ||    15
Block: Kite shield       |    46 |    66 |   217 |   815 |  1395 ||  2539
       Reflection        |       |       |     3 |    16 |    10 ||    29

Table legend: (Time is in decaauts)
 A = Elapsed time spent in this place.
 B = Non-inter-level travel time spent in this place.
 C = Inter-level travel time spent in this place.
 D = Time resting spent in this place.
 E = Time spent auto-exploring this place.
 F = Levels seen in this place.
 G = Mean time per level.
                   A        B        C        D        E       F      G
               +--------+--------+--------+--------+--------+-----+--------+
         Total |  19999 |  18623 |   1376 |   1130 |  11690 |  22 |  909.0 |
       Dungeon |  10921 |   9884 |   1037 |    423 |   6871 |  11 |  992.8 |
        Temple |    146 |    130 |     16 |      0 |    113 |   1 |  146.0 |
          Lair |   6938 |   6616 |    322 |    334 |   4218 |   6 | 1156.3 |
         Swamp |    754 |    754 |      0 |    202 |    243 |   1 |  754.0 |
         Abyss |    165 |    165 |      0 |     22 |     11 |   1 |  165.0 |
        Bailey |    279 |    279 |      0 |     13 |     84 |   1 |  279.0 |
      Ice Cave |    794 |    794 |      0 |    135 |    149 |   1 |  794.0 |
               +--------+--------+--------+--------+--------+-----+--------+

Top non-repeatable levels by time:
  Lair:6: 1756 daAuts
     D:6: 1611 daAuts
     D:4: 1236 daAuts
     D:7: 1189 daAuts
  Lair:1: 1156 daAuts
  Lair:4: 1089 daAuts
  Lair:3: 1066 daAuts
     D:9: 1057 daAuts
  Lair:2: 1038 daAuts
     D:2: 1010 daAuts
    D:10: 1002 daAuts
     D:5: 867 daAuts
     D:1: 839 daAuts
  Lair:5: 831 daAuts
    D:11: 827 daAuts
